 Dungeon Crawl Stone Soup version 0.21.1-1-g345015f (webtiles) character file.

44308 Fang the Severer (level 14, -4/150 HPs)
             Began as a Gargoyle Berserker on May 25, 2018.
             Was a High Priest of Trog.
             Slain by a seven-headed hydra (7 damage)
             ... on level 6 of the Lair of Beasts.
             The game lasted 00:29:36 (20867 turns).

Fang the Severer (Gargoyle Berserker)              Turns: 20867, Time: 00:29:37

Health: -4/150     AC: 17    Str: 30    XL:     14   Next: 28%
Magic:  14/14      EV: 19    Int: 12    God:    Trog [*****.]
Gold:   674        SH:  0    Dex: 18    Spells: 13/13 levels left

rFire    . . .     SeeInvis .   b - +8 executioner's axe (chop)
rCold    + . .     Gourm    .   (shield currently unavailable)
rNeg     + . .     Faith    .   z - +2 robe {MR+}
rPois    ∞         Spirit   .   (no helmet)
rElec    +         Reflect  .   (no cloak)
rCorr    .         Harm     +   S - +0 pair of gloves of the Hanged Man {rC+ MR+ Int+3 Dex+4}
MR       +++..                  (no boots)
Stlth    ..........             k - amulet of harm
HPRegen  0.35/turn              s - +5 ring of dexterity
MPRegen  0.14/turn              U - +3 ring of protection

@: berserking, very quick
A: big wings, blurry vision 1, deformed body, negative energy resistance 1,
robust 1, electricity resistance, unbreathing, petrification resistance, rot
immunity, AC +10
a: Fly, Berserk, Trog's Hand, Brothers in Arms, Burn Spellbooks, Renounce
Religion


You were on level 6 of the Lair of Beasts.
You worshipped Trog.
Trog was extremely pleased with you.
You were not hungry.

You visited 4 branches of the dungeon, and saw 20 of its levels.

You collected 1324 gold pieces.
You spent 650 gold pieces at shops.

Inventory:

Hand Weapons
 b - a +8 executioner's axe of chopping (weapon)
 I - a +2 battleaxe of venom
Missiles
 l - 11 javelins (quivered)
 n - 9 silver tomahawks
 H - 3 tomahawks of returning
 P - 5 silver javelins
Armour
 z - a +2 robe of magic resistance (worn)
 S - the +0 pair of gloves of the Hanged Man (worn) {rC+ MR+ Int+3 Dex+4}
   (You found it on level 2 of the Lair of Beasts)

   It affects your intelligence (+3).
   It affects your dexterity (+4).
   It protects you from cold.
   It affects your resistance to hostile enchantments.
Jewellery
 k - an amulet of harm (around neck)
 m - an uncursed ring of protection from magic
 r - an uncursed ring of stealth
 s - a +5 ring of dexterity (left hand)
 t - an uncursed amulet of the gourmand
 w - an uncursed ring of resist corrosion
 G - a +4 ring of intelligence
 K - a cursed ring of protection from magic
 N - an uncursed ring of protection from magic
 Q - an uncursed ring of protection from magic
 U - a +3 ring of protection (right hand)
Wands
 a - a wand of iceblast (25)
 h - a wand of clouds (9)
 q - a wand of flame (44)
 A - a wand of disintegration (41)
 B - a wand of digging (8)
 D - a wand of enslavement (17)
 E - a wand of acid (9)
Scrolls
 f - 10 scrolls of teleportation
 o - 4 scrolls of blinking
 y - a scroll of magic mapping
 C - 6 scrolls of remove curse
 F - 3 scrolls of brand weapon
 J - 2 scrolls of fear
 O - 4 scrolls of identify
 V - a scroll of enchant armour
Potions
 d - 6 potions of curing
 e - a potion of flight
 g - 4 potions of resistance
 i - 5 potions of haste
 j - 2 potions of cancellation
 p - a potion of invisibility
 u - a potion of agility
 v - 4 potions of heal wounds
 x - 2 potions of ambrosia
 M - 3 potions of lignification
Comestibles
 c - 21 rations


   Skills:
 + Level 11.7 Fighting
 + Level 15.7 Axes
 + Level 2.3 Armour
 + Level 8.8 Dodging
 + Level 10.3 Stealth


You had 13 spell levels left.
You didn't know any spells.

Dungeon Overview and Level Annotations

Branches:
Dungeon (12/15)            Temple (1/1) D:5            Lair (6/6) D:10
  Swamp (0/4) Lair:2        Snake (0/4) Lair:2          Orc (1/2) D:9
  Slime: Lair:5-6

Altars:
Ashenzari
Cheibriados
Dithmenos
Elyvilon
Fedhas
Gozag
Hepliaklqana
Kikubaaqudgha
Makhleb
Nemelex Xobeh
Okawaru
Qazlal
Ru
Sif Muna
Trog
Uskayaw
Vehumet
Wu Jian
Xom
Yredelemnul
Zin
The Shining One
Jiyva

Shops:
D:7 :   D:10 *!


Innate Abilities, Weirdness & Mutations

You are resistant to torment.
Your stone body is resilient. (AC +10)
You are immune to poison.
Your large and strong wings let you fly indefinitely.
You resist negative energy. (rN+)
You are resistant to electric shocks. (rElec)
You can survive without breathing.
You are immune to petrification.
You are immune to rotting.
Scrolls take you a little longer to read.
Armour fits poorly on your strangely shaped body.
You are robust. (+10% HP)


Message History

The six-headed hydra closely misses you.
Unknown command.
The hippogriff misses you. The hippogriff pecks you.
* * * LOW HITPOINT WARNING * * *
The hippogriff completely misses you.
You climb downwards.
You feel a strong urge to attack something.
There is a stone staircase leading up here.
You slice the komodo dragon!!
You feel the power of Trog in you as your rage grows.
You kill the komodo dragon!
Trog accepts your kill.
You hit the hippogriff.
You lop one of the six-headed hydra's heads off!
The five-headed hydra grows two more!
You slice the seven-headed hydra!!
The seven-headed hydra barely misses you.
The seven-headed hydra bites you but does no damage.
The seven-headed hydra completely misses you.
The seven-headed hydra bites you.
You die...

.. ##. #..#
#.# #.# ...#
.... ... ....#
#.#.# #.#
...}#
.............#
#.#.#.#.#...#
......D†H..##
#.#.#.#@#...#
..........#
#.#.#.#.#.#
.P.....#
#...#P...
##########


You could see a seven-headed hydra and a hippogriff.

Vanquished Creatures
  Erica (D:11)
  7 hydras
  3 two-headed ogres
  A skeletal warrior (D:11)
  Pikel (D:9)
  The ghost of noobr89 the Cleaver, a novice MiBe of Trog (D:8)
  An ugly thing (D:10)
  6 elephants (Lair:5)
  4 centaur zombies
  2 black mambas
  7 spiny frogs
  A gargoyle (D:12)
  A kobold demonologist (D:11)
  3 centaur skeletons (D:11)
  6 komodo dragons
  A polar bear (Lair:3)
  10 blink frogs
  4 flying skulls (D:11)
  13 hippogriffs
  5 spriggans (Lair:1)
  4 shadows (D:11)
  3 yaks (Lair:3)
  A wraith (D:11)
  2 steam dragons
  3 basilisks
  2 hungry ghosts
  14 water moccasins
  8 porcupines
  Duvessa (D:6)
  A sky beast (D:11)
  A black bear (Lair:3)
  2 orc warriors
  2 slaves (D:9)
  3 ice beasts
  A necrophage (D:9)
  3 ogres
  12 centaurs
  44 wolves
  10 crocodiles
  5 bullfrogs
  A gnoll sergeant (D:12)
  A scorpion (D:10)
  Dowan (D:6)
  11 killer bees
  5 wights
  An electric eel (Lair:2)
  4 howler monkeys
  7 crimson imps
  6 bullfrog skeletons
  3 bullfrog zombies
  8 hounds
  3 orc priests
  5 jellies
  9 orc wizards
  An iron imp (D:8)
  Crazy Yiuf (D:2)
  4 iguanas
  Ijyb (D:5)
  6 worker ants
  A hound zombie (D:9)
  2 hound skeletons
  Robin (D:2)
  7 worker ant zombies
  8 gnolls
  22 adders
  2 shadow imps
  8 oozes
  An adder zombie (D:7)
  An adder skeleton (D:4)
  3 dart slugs
  4 leopard geckos
  23 orcs
  2 ball pythons
  2 giant cockroaches (D:3)
  16 goblins
  7 hobgoblins
  6 jackals
  A quokka (D:3)
  8 bats
  3 frilled lizards
  3 kobolds (D:3)
  A quokka skeleton (D:10)
  15 rats
  2 fungi
  10 plants
437 creatures vanquished.

Vanquished Creatures (collateral kills)
  2 slaves (D:9)
  A bullfrog (D:9)
3 creatures vanquished.

Vanquished Creatures (others)
  17 fungi
  5 plants
22 creatures vanquished.

Grand Total: 462 creatures vanquished

Notes
Turn   | Place    | Note
-------+----------+-------------------------------------------
     0 | D:1      | Fang the Gargoyle Berserker began the quest for the Orb.
     0 | D:1      | Reached XP level 1. HP: 14/14 MP: 1/1
    64 | D:1      | Reached XP level 2. HP: 3/19 MP: 2/2
   556 | D:1      | Reached skill level 3 in Axes
  1040 | D:2      | Reached XP level 3. HP: 12/24 MP: 3/3
  1115 | D:2      | Found a runed door.
  1126 | D:2      | Found a blossoming altar of Fedhas.
  1132 | D:2      | Reached ** piety under Trog
  1464 | D:2      | Reached XP level 4. HP: 18/29 MP: 4/4
  1514 | D:2      | Noticed Robin
  1548 | D:2      | Killed Robin
  1770 | D:2      | Reached skill level 4 in Axes
  1959 | D:2      | Noticed Crazy Yiuf
  1962 | D:2      | Killed Crazy Yiuf
  1962 | D:2      | Reached skill level 1 in Stealth
  1962 | D:2      | Reached XP level 5. HP: 33/33 MP: 5/5
  2258 | D:3      | Reached XP level 6. HP: 38/38 MP: 6/6
  2376 | D:3      | Reached *** piety under Trog
  3020 | D:4      | Reached skill level 5 in Axes
  3035 | D:4      | Reached XP level 7. HP: 9/44 MP: 7/7
  4631 | D:5      | Entered Level 5 of the Dungeon
  4692 | D:5      | Found a staircase to the Ecumenical Temple.
  4724 | D:5      | Reached skill level 6 in Axes
  4746 | Temple   | Entered the Ecumenical Temple
  4992 | D:5      | Noticed Ijyb
  5043 | D:5      | Killed Ijyb
  5043 | D:5      | Reached skill level 5 in Fighting
  5698 | D:6      | Reached XP level 8. HP: 35/49 MP: 8/8
  5956 | D:6      | Noticed Dowan
  5961 | D:6      | Noticed Duvessa
  5973 | D:6      | Killed Dowan
  5975 | D:6      | Killed Duvessa
  6096 | D:6      | Reached **** piety under Trog
  6096 | D:6      | Reached skill level 7 in Axes
  6749 | D:6      | Found a basalt altar of Yredelemnul.
  6749 | D:6      | Found an ornate altar of the Wu Jian Council.
  7493 | D:7      | Found Ycol's Book Shop.
  7545 | D:7      | Reached XP level 9. HP: 55/55 MP: 9/9
  7920 | D:7      | Reached skill level 8 in Axes
  7920 | D:7      | Reached skill level 5 in Dodging
  8108 | D:8      | Found a deep blue altar of Sif Muna.
  8125 | D:8      | Noticed noobr89's ghost (novice MiBe)
  8130 | D:8      | Identified a scroll of acquirement
  8246 | D:8      | Killed noobr89's ghost
  8267 | D:8      | Found a snail-covered altar of Cheibriados.
  8551 | D:8      | Reached skill level 5 in Stealth
  8553 | D:8      | Paralysed by fainting for 11 turns
  8648 | D:8      | Reached skill level 9 in Axes
  8856 | D:9      | Found a staircase to the Orcish Mines.
  8886 | D:9      | Noticed Pikel
  8896 | D:9      | Killed Pikel
  8896 | D:9      | Reached XP level 10. HP: 61/61 MP: 10/10
  9123 | D:9      | Gained mutation: Armour fits poorly on your strangely shaped body. [potion of mutation]
  9123 | D:9      | Gained mutation: Scrolls take you a little longer to read. [potion of mutation]
  9123 | D:9      | Gained mutation: You are robust. (+10% HP) [potion of mutation]
  9653 | Orc:1    | Entered Level 1 of the Orcish Mines
  9700 | Orc:1    | Reached skill level 10 in Axes
  9938 | Orc:1    | Noticed an orc sorcerer
 10014 | D:10     | Entered Level 10 of the Dungeon
 10026 | D:10     | Found a staircase to the Lair.
 10028 | D:10     | Noticed a two-headed ogre
 10035 | D:10     | Killed a two-headed ogre
 10039 | D:10     | Found Ruhan's Demolitions Depot.
 10151 | D:10     | Found Xiraeb's Distillery.
 10270 | D:10     | Bought a potion of experience for 650 gold pieces
 10296 | D:10     | Noticed a two-headed ogre
 10304 | D:10     | Killed a two-headed ogre
 10483 | D:10     | Reached skill level 11 in Axes
 10707 | D:10     | Reached ***** piety under Trog
 10714 | D:10     | Found a viscous altar of Jiyva.
 10765 | D:11     | Reached XP level 11. HP: 55/74 MP: 11/11
 10904 | D:11     | Noticed a brown ugly thing
 10920 | D:10     | Killed a brown ugly thing
 11053 | D:11     | Noticed a sun demon
 11114 | D:11     | Reached skill level 12 in Axes
 11114 | D:11     | Reached XP level 12. HP: 83/83 MP: 12/12
 11155 | D:11     | Received a gift from Trog
 11284 | D:11     | Noticed a two-headed ogre
 11295 | D:11     | Killed a two-headed ogre
 11630 | D:11     | Noticed Erica
 11639 | D:11     | Killed Erica
 11949 | D:11     | Received a gift from Trog
 12098 | D:11     | Reached skill level 13 in Axes
 12099 | D:11     | Reached skill level 10 in Fighting
 12637 | D:11     | Received a gift from Trog
 12970 | D:12     | Noticed a four-headed hydra
 12975 | D:12     | Killed a six-headed hydra
 12980 | D:12     | Found a basalt altar of Yredelemnul.
 13083 | Lair:1   | Entered Level 1 of the Lair of Beasts
 13102 | Lair:1   | Found a dark tunnel.
 13172 | Lair:1   | Reached XP level 13. HP: 91/91 MP: 13/13
 14185 | Lair:2   | Found a staircase to the Snake Pit.
 14208 | Lair:2   | Reached skill level 14 in Axes
 14424 | Lair:2   | Got a pair of heavily runed gloves
 14430 | Lair:2   | Identified the +0 pair of gloves of the Hanged Man {rC+ MR+ Int+3 Dex+4} (You found it on level 2 of the Lair of Beasts)
 14995 | Lair:2   | Found a staircase to the Swamp.
 15160 | Lair:3   | Found an iron altar of Okawaru.
 15678 | Lair:3   | Reached skill level 10 in Stealth
 16164 | Lair:3   | Received a gift from Trog
 17004 | Lair:4   | Received a gift from Trog
 18316 | Lair:4   | Reached skill level 15 in Axes
 19229 | Lair:5   | Gained mutation: Your large and strong wings let you fly indefinitely. [Gargoyle growth]
 19229 | Lair:5   | Reached XP level 14. HP: 77/99 MP: 14/14
 20009 | Lair:5   | Found a shattered altar of Ashenzari.
 20746 | Lair:6   | Entered Level 6 of the Lair of Beasts
 20864 | Lair:5   | HP: 4/150 [six-headed hydra (8)]
 20867 | Lair:6   | Slain by a seven-headed hydra

Skill      XL: |  1  2  3  4  5  6  7  8  9 10 11 12 13 |
---------------+----------------------------------------+-----
Axes           | 3 4 5 6 7 9 11 12 13 15 | 15.7
Dodging        | 2 3 4 5 7 8 |  8.8
Fighting       | 4 5 6 7 9 10 11 | 11.7
Stealth        | 1 2 3 5 6 8 9 10 | 10.3
Armour         | |  2.3

Action                   |  1- 3 |  4- 6 |  7- 9 | 10-12 | 13-15 || total
-------------------------+-------+-------+-------+-------+-------++-------
Melee: Hand axe          |   107 |   170 |   279 |       |       ||   556
       Executioner's axe |       |       |    40 |   229 |   285 ||   554
Invok: Berserk           |     2 |     3 |     8 |    10 |     9 ||    32
       Burn Spellbooks   |       |       |       |     2 |     2 ||     4
  Use: Scroll            |       |       |    18 |    12 |     3 ||    33
       Potion            |       |       |       |     2 |       ||     2
 Stab: Sleeping          |     1 |     1 |    10 |    16 |    11 ||    39
       Distracted        |       |       |       |     1 |     4 ||     5
  Eat: Chunk             |     3 |     7 |    12 |    20 |    24 ||    66
       Ration            |       |       |     5 |     1 |     3 ||     9
Armor: Animal skin       |    36 |    72 |   107 |    47 |       ||   262
       Robe              |       |       |       |    40 |   160 ||   200
Dodge: Dodged            |    82 |   113 |   202 |   204 |   506 ||  1107
